 Dungeon Crawl Stone Soup version 0.21.0-24-g2553a33 (webtiles) character file.

80 Grimoiregrey the Changer (level 4, -1/35 HPs)
             Began as a Draconian Transmuter on Jan 21, 2018.
             Slain by a leopard gecko (2 damage)
             ... on level 2 of the Dungeon.
             The game lasted 00:14:13 (2703 turns).

Grimoiregrey the Changer (Draconian Transmuter)     Turns: 2703, Time: 00:14:14

Health: -1/35      AC:  5    Str: 12    XL:     4   Next: 18%
Magic:  7/7        EV: 12    Int: 15    God:
Gold:   112        SH:  3    Dex: 11    Spells: 6/7 levels left

rFire    . . .     SeeInvis .     - Unarmed
rCold    . . .     Gourm    .   (no shield)
rNeg     . . .     Faith    .   (armour unavailable)
rPois    .         Spirit   .   (helmet restricted)
rElec    .         Reflect  +   (no cloak)
rCorr    +         Harm     .   (no gloves)
MR       .....                  (boots currently unavailable)
Stlth    +.........             e - +3 amulet of reflection
HPRegen  0.11/turn              g - ring of resist corrosion
MPRegen  0.10/turn              (no ring)

@: lethally poisoned (-1 -> -4), appendage (expiring)
A: unfitting armour, talons 3, cold-blooded, AC +5
a: End Transformation


You were on level 2 of the Dungeon.
You were not hungry.
You had grown temporary talons.
You visited 1 branch of the dungeon, and saw 3 of its levels.

You collected 112 gold pieces.

Inventory:

Missiles
 a - 37 arrows
Jewellery
 e - a +3 amulet of reflection (around neck)
 g - a ring of resist corrosion (left hand)
Wands
 l - a wand of polymorph (8)
Scrolls
 d - a scroll of identify
 h - a scroll of teleportation {unknown}
 k - a scroll of immolation {unknown}
 m - a scroll of blinking {unknown}
 n - a scroll of enchant weapon {unknown}
 o - 2 scrolls of amnesia
 p - a scroll of remove curse {unknown}
Potions
 f - 2 potions of heal wounds {unknown}
 i - a potion of cancellation {unknown}
 j - a potion of resistance {unknown}
Books
 b - a book of Changes

   Spells                             Type                      Level
   a - Beastly Appendage              Transmutation                1
   b - Sticks to Snakes               Transmutation                2
   c - Spider Form                    Transmutation/Poison         3
   d - Ice Form                       Ice/Transmutation            4
   e - Blade Hands                    Transmutation                5
Comestibles
 c - 3 rations
 q - 3 chunks of flesh


   Skills:
 - Level 1.1 Fighting
 - Level 1.7 Dodging
 - Level 3.0 Unarmed Combat
 - Level 2.0 Spellcasting
 + Level 4.5 Transmutations


You had 6 spell levels left.
You knew the following spells:

 Your Spells              Type           Power        Failure   Level  Hunger
a - Beastly Appendage     Tmut           ###...       3%          1    #......


Dungeon Overview and Level Annotations

Branches:
Dungeon (3/15)

Altars:


Innate Abilities, Weirdness & Mutations

Your plain brown scales are hard. (AC +5)
You cannot fit into any form of body armour.
You are cold-blooded and may be slowed by cold attacks.
You have claws for feet.


Message History

You miss the leopard gecko. Your kick misses the leopard gecko.
Your tail-slap misses the leopard gecko.
The leopard gecko is severely wounded.
You block the leopard gecko's attack.
You barely miss the leopard gecko.
The leopard gecko is severely wounded.
The leopard gecko barely misses you.
You closely miss the leopard gecko.
The leopard gecko is severely wounded.
* * * LOW HITPOINT WARNING * * *
You feel sick. The leopard gecko barely misses you.
You closely miss the leopard gecko.
Your tail-slap misses the leopard gecko.
The leopard gecko is severely wounded.
Your transformation is almost over.
The leopard gecko barely misses you.
You barely miss the leopard gecko.
The leopard gecko is severely wounded.
The leopard gecko closely misses you. The leopard gecko bites you.
You die...

#.......##.#
#.########.########### ....
#.##.......##........# ....
#.###.#######..).....# .....
#.# #.# #........# ..... #.#
#.# #........#...... #.# #.#
#........#?..... #.#
#.#######.(............. #.#
#.[....@l...............
#.###########...............
#............#####..........
############.#<###..........
#..>....)................
#.).)...#.#.#######......
##........................
#........#......####......
#........#......#


You could see a leopard gecko.

Vanquished Creatures
  2 adders (D:2)
  2 worms (D:2)
  3 dart slugs
  2 leopard geckos (D:1)
  A ball python (D:2)
  3 bats
  2 giant cockroaches
  4 goblins
  4 hobgoblins
  8 jackals
  2 frilled lizards (D:2)
  7 kobolds
  5 rats
45 creatures vanquished.

Notes
Turn   | Place    | Note
-------+----------+-------------------------------------------
     0 | D:1      | Grimoiregrey the Draconian Transmuter began the quest for the Orb.
     0 | D:1      | Reached XP level 1. HP: 16/16 MP: 3/3
   449 | D:1      | Reached XP level 2. HP: 23/23 MP: 5/5
   722 | D:1      | Reached skill level 3 in Transmutations
  1356 | D:1      | Reached XP level 3. HP: 21/28 MP: 6/6
  1926 | D:2      | Reached skill level 4 in Transmutations
  2671 | D:2      | Reached XP level 4. HP: 19/35 MP: 7/7
  2698 | D:2      | HP: 1/35 [poisoned by an adder]
  2703 | D:2      | Slain by a leopard gecko

Skill      XL: |  1  2  3 |
---------------+----------+-----
Transmutations | 3 4 |  4.5
Fighting       | |  1.1
Dodging        | |  1.7
Unarmed Combat | |  3.0
Spellcasting   | |  2.0

Action                   |  1- 3 |  4- 6 || total
-------------------------+-------+-------++-------
Melee: Unarmed           |   166 |    30 ||   196
       Kick              |    13 |       ||    13
       Tailslap          |    10 |     2 ||    12
       Headbutt          |     7 |       ||     7
 Cast: Beastly Appendage |    22 |     1 ||    23
  Use: Scroll            |       |     1 ||     1
  Eat: Chunk             |     6 |       ||     6
Armor: Skin              |    62 |     8 ||    70
Dodge: Dodged            |   117 |    19 ||   136
Block: Other             |    19 |     6 ||    25
